Map: Nightshade LE

Players

llllllllllll (Trap) - Winner!

  • Race: Protoss Protoss
  • League: Master
  • Spawn Location: 5:00

DRG

  • Race: Zerg Zerg
  • League: Master
  • Spawn Location: 11:00

VOD

Have the link to the VOD?

Description

Time

  • Played on: Jan. 16, 2020, 4:12 a.m.
  • Length: 7:52
Show
View Real Time Build Order
Export as new Build Order

llllllllllll Protoss - Winner!

Build Orders: 1 Gate Expand, Oracle Opening, Zealot Archon, Archon Drop 

Get SALT Encoding   

  12  0:00  Probe  
  13  0:12  Probe  
  14  0:18  Pylon  
  14  0:24  Probe (Chrono Boost)  
  15  0:37  Probe (Chrono Boost), Gateway  
  16  0:45  Probe (Chrono Boost)  
  16  0:46  Assimilator  
  17  0:51  Probe  
  18  1:03  Probe  
  19  1:15  Probe  
  20  1:24  Cybernetics Core  
  20  1:33  Nexus  
  20  1:39  Pylon  
  20  1:42  Probe  
  21  1:49  Assimilator  
  21  1:54  Probe  
  21  1:58  Adept (Chrono Boost)  
  24  2:06  Probe  
  25  2:18  Probe, Stargate  
  26  2:22  Adept  
  28  2:31  Warp Gate  
  28  2:32  Probe  
  29  2:44  Probe (Chrono Boost)  
  29  2:45  Probe (Chrono Boost)  
  31  2:52  Stalker  
  31  2:54  Probe x2 (Chrono Boost)  
  35  2:59  Probe x2 (Chrono Boost)  
  37  3:06  Oracle (Chrono Boost)  
  37  3:10  Probe  
  37  3:11  Probe  
  42  3:16  Assimilator  
  42  3:18  Assimilator  
  42  3:24  Probe x2  
  42  3:26  Pylon  
  44  3:35  Gateway  
  44  3:36  Probe x2  
  46  3:42  Oracle (Chrono Boost)  
  46  3:48  Pylon  
  49  3:49  Probe x2  
  49  3:55  Robotics Facility  
  51  4:01  Probe x2  
  53  4:13  Probe x2  
  53  4:15  Twilight Council  
  55  4:25  Probe x2  
  55  4:26  Gateway x2  
  55  4:30  Zealot  
  59  4:32  Zealot  
  59  4:38  Pylon  
  61  4:50  Warp Prism (Chrono Boost)  
  61  4:57  Templar Archives  
  60  5:03  Nexus  
  60  5:08  Probe  
  60  5:09  Pylon  
  61  5:19  Gateway  
  61  5:20  Probe  
  62  5:21  Probe  
  62  5:22  Gateway  
  62  5:24  Charge  
  63  5:34  High Templar x4  
  71  5:38  Archon x2  
  71  5:39  Immortal (Chrono Boost)  
  75  5:44  Pylon  
  75  5:50  Pylon  
  75  5:54  Probe x2  
  77  6:10  Immortal (Chrono Boost)  
  77  6:21  High Templar x2, Zealot x3  
  77  6:22  Gateway  
  77  6:23  Gateway  
  77  6:24  Probe  
  89  6:25  Probe  
  89  6:28  Archon  
  89  6:33  Pylon  
  89  6:34  Sentry  
  89  6:36  Pylon  
  91  6:41  Observer (Chrono Boost)  
  92  6:50  Pylon  
  92  6:51  Sentry x2  
  92  6:52  Zealot  
  92  6:53  Zealot x2  
  102  6:56  Probe x3  
  105  7:01  Zealot  
  103  7:15  Zealot x4  
  103  7:16  Zealot x2  
  101  7:23  Zealot x2  
  105  7:30  Probe x2  
  105  7:31  Probe  
  105  7:35  Zealot x2  
  105  7:36  Zealot x4  
Show
View Real Time Build Order
Export as new Build Order

DRG Zerg 

Build Orders: Hatch First 

Get SALT Encoding   

  12  0:00  Drone  
  13  0:12  Overlord  
  13  0:17  Drone  
  14  0:31  Drone x2  
  16  0:48  Hatchery  
  15  0:51  Drone  
  15  0:55  Drone  
  17  0:58  Drone  
  18  1:09  Extractor  
  17  1:13  Spawning Pool  
  17  1:17  Drone  
  17  1:21  Drone  
  18  1:28  Drone  
  19  1:39  Drone  
  20  1:49  Overlord  
  20  2:00  Zergling x4, Queen x2  
  26  2:13  Drone x2, Metabolic Boost  
  28  2:23  Drone x2  
  30  2:36  Hatchery  
  29  2:38  Drone  
  29  2:41  Drone  
  31  2:46  Queen  
  33  2:52  Zergling x2  
  33  2:53  Zergling x2  
  33  2:56  Overlord  
  35  2:58  Drone  
  35  3:05  Overlord  
  36  3:14  Drone x4  
  39  3:23  Drone x2  
  39  3:26  Queen  
  42  3:29  Drone  
  42  3:30  Spore Crawler  
  42  3:33  Overlord  
  42  3:38  Overlord  
  42  3:45  Drone  
  42  3:47  Spore Crawler  
  42  3:48  Drone x3  
  42  3:49  Drone  
  42  3:50  Drone  
  47  3:56  Queen  
  47  4:00  Zergling x4  
  47  4:01  Drone  
  52  4:04  Spore Crawler  
  52  4:06  Drone  
  52  4:12  Drone x3  
  55  4:18  Spore Crawler  
  55  4:20  Drone x2  
  55  4:23  Overlord  
  56  4:31  Roach Warren  
  56  4:33  Drone x3  
  58  4:42  Drone x5  
  61  4:51  Spore Crawler  
  60  4:53  Drone x5  
  60  4:55  Extractor  
  60  4:57  Extractor  
  60  4:58  Drone  
  65  5:00  Lair  
  65  5:02  Drone  
  65  5:04  Drone  
  67  5:09  Zergling x6  
  67  5:10  Drone x3  
  67  5:11  Overlord  
  73  5:16  Overlord  
  73  5:22  Overlord  
  73  5:24  Extractor  
  73  5:25  Extractor  
  71  5:31  Drone  
  71  5:34  Drone x3  
  75  5:39  Drone  
  75  5:41  Drone x2  
  75  5:42  Drone  
  79  5:44  Drone x2  
  81  5:54  Extractor, Baneling Nest  
  81  5:56  Hatchery, Evolution Chamber  
  79  5:57  Roach x3  
  79  5:59  Roach x6  
  89  6:14  Drone  
  89  6:15  Drone x6  
  96  6:20  Drone x2  
  96  6:21  Infestation Pit  
  96  6:25  Overlord  
  98  6:27  Overlord x2  
  98  6:28  Overlord  
  98  6:32  Overlord  
  98  6:44  Overseer  
  98  6:49  Roach x7  
  98  6:51  Roach x3  
  98  6:53  Ravager x2  
  118  6:57  Roach x2  
  118  7:00  Roach x2  
  126  7:02  Ravager  
  126  7:03  Ravager  
  126  7:04  Roach x2  
  126  7:06  Roach  
  133  7:15  Roach x5  
  125  7:25  Roach x2  
  125  7:27  Roach x4  
  131  7:33  Roach x4  
Tags
 
Add a new tag
Caveats
  • Supply blocks, unpowered buildings, or Contaminate may cause inaccurate times.
  • Supply counts are checked every 10 seconds.